 Dungeon Crawl Stone Soup version 0.20-a0-463-g5747544 (webtiles) character file.

57385 AlphabetPasta the Quickloader (level 14, -2/116 HPs)
             Began as a Demigod Hunter on Jan 10, 2017.
             Drowned by a drowned soul (16 damage)
             ... summoned by a merfolk avatar
             ... on level 6 of the Lair of Beasts on Jan 11, 2017.
             The game lasted 01:45:29 (24311 turns).

AlphabetPasta the Quickloader (Demigod Hunter)     Turns: 24311, Time: 01:45:29

Health: -2/116     AC: 30    Str: 23    XL:     14   Next: 11%
Magic:  23/23      EV: 12    Int: 15    God:
Gold:   819        SH:  0    Dex: 16    Spells: 13/13 levels left

rFire  + . .     SeeInvis .     a - +5 war axe (protect)
rCold  + . .     Gourm    +     e - +1 plate armour {rC+}
rNeg   . . .     Faith    .     (no shield)
rPois  .         Spirit   .     (no helmet)
rElec  .         Reflect  .     K - +2 cloak {MR+}
rCorr  .         Harm     .     s - +2 pair of gloves
MR     +++..                    i - +0 pair of boots
Stlth  ..........               M - amulet of the gourmand
                                A - ring of protection from fire
                                u - ring of protection from magic

@: protection aura, flying, mesmerised
A: high mp 1
a: no special abilities


You were on level 6 of the Lair of Beasts.
You were very full.

You visited 2 branches of the dungeon, and saw 18 of its levels.
You also visited: Sewer and Ice Cave.

You collected 987 gold pieces.
You spent 168 gold pieces at shops.

Inventory:

Hand Weapons
 a - a +5 war axe of protection (weapon)
 b - a +0 arbalest of freezing
 c - a +1 flail of holy wrath
 d - a +2 hand axe of flaming
 R - a +2 arbalest of flaming
Missiles
 D - 83 bolts
Armour
 e - a +1 plate armour of cold resistance (worn)
 i - a +0 pair of boots (worn)
 s - a +2 pair of gloves (worn)
 K - a +2 cloak of magic resistance (worn)
Jewellery
 u - a ring of protection from magic (left hand)
 A - a ring of protection from fire (right hand)
 M - an amulet of the gourmand (around neck)
 W - an uncursed ring of positive energy
Wands
 g - a wand of iceblast (7/15)
 k - a wand of paralysis (9/24)
 r - a wand of lightning (13/15)
 C - a wand of iceblast (8/15)
 J - a wand of iceblast (4/15)
 O - a wand of lightning (4/15)
 Q - a wand of lightning (6/15)
 S - a wand of iceblast (9/15)
 T - a wand of confusion (33/48)
 U - a wand of clouds (5/9)
 Y - a wand of clouds (5/9)
 Z - a wand of scattershot (5/9)
Scrolls
 o - 3 scrolls of enchant weapon
 q - 5 scrolls of teleportation
 w - 2 scrolls of fog
 x - 4 scrolls of enchant armour
 y - 2 scrolls of identify
 E - 4 scrolls of recharging
 F - 8 scrolls of remove curse
 G - 7 scrolls of fear
 H - 7 scrolls of blinking
Potions
 l - a potion of cancellation
 m - 6 potions of curing
 t - a potion of ambrosia
 z - a potion of agility
 I - a potion of flight
 P - 3 potions of resistance
Comestibles
 f - 7 bread rations
 h - 21 fruits
 j - 2 slices of pizza
 n - 6 chunks of flesh
 p - 14 meat rations
 B - 8 beef jerkies


   Skills:
 + Level 8.8 Fighting
 * Level 11.7 Axes
 * Level 12.5 Crossbows
 + Level 8.9 Armour
 + Level 8.5 Dodging
 - Level 0.8 Stealth
 + Level 7.7 Evocations


You had 13 spell levels left.
You didn't know any spells.

Dungeon Overview and Level Annotations

Branches:
Dungeon (12/15)            Temple (0/1) D:7            Lair (6/6) D:8
  Swamp (0/4) Lair:2       Spider (0/4) Lair:2        Slime (0/5) Lair:6
    Orc (0/2) D:9

Shops:
D:3 *   D:4 }   D:10 :

Annotations:
D:8 tsouns's ghost, novice HaMo
Lair:5 exclusion: oklob plant


Innate Abilities, Weirdness & Mutations

You have an increased reservoir of magic. (+10% MP)


Message History

The drowned soul touches you.
* * * LOW HITPOINT WARNING * * *
The drowned soul drowns you!
* * * LOW HITPOINT WARNING * * *
Blink to where?
Press: ? - help, Dir - move target cursor You cannot blink away from the merfolk avatar!
Blink to where?
Press: ? - help, Dir - move target cursor, f - you
Okay, then.
Unknown command.
Okay, then.
As you read the scroll of fear, it crumbles to dust.
You assume a fearsome visage.
The drowned soul is unaffected. x2
The merfolk avatar resists with almost no effort.
The drowned soul touches you. The drowned soul drowns you!
* * * LOW HITPOINT WARNING * * *
The merfolk avatar chants its luring song.
You feel better. The drowned soul touches you. The drowned soul drowns you!
You die...

.#......##≈≈#≈≈≈≈≈≈≈P≈≈≈≈#P≈##...
.........#≈≈#≈≈≈≈≈≈≈≈≈≈≈≈#≈≈#.P..
.......≈≈≈≈≈#≈≈≈≈≈≈#≈≈≈≈≈#≈P≈≈≈..
..#.##..≈≈≈≈#####....#####≈≈≈≈≈##
....#...#.≈≈#8≈≈≈≈≈≈≈≈≈≈ #≈≈##≈≈#
.....##≈..≈≈#≈≈≈≈##≈#≈≈P #≈≈.#≈..
.[......≈≈≈≈#≈≈≈≈≈≈≈≈P≈≈ #≈≈≈≈...
.......≈≈≈≈≈.≈#≈≈$?)$≈≈≈ #≈≈≈≈≈..
.......≈#.≈#.≈≈≈@[WW[≈≈≈ #≈≈##≈..
.......≈##≈≈#≈≈≈≈[mW$≈≈≈ #≈≈#.≈≈≈
.......≈≈≈≈≈#≈≈≈≈())%≈≈≈ #≈≈P≈.≈#
........≈≈≈≈#≈≈≈≈≈≈≈≈≈≈≈ #≈≈≈≈P..
.......≈##≈≈#≈≈≈≈≈≈≈≈≈≈≈ #≈≈##≈..
...##..≈.#≈≈#8≈≈≈≈≈≈≈≈≈≈ #≈≈#....
... #.#.P≈≈≈#####≈≈≈≈#####≈P≈≈P.P
.. .. ≈≈≈≈ # ≈≈≈≈≈≈≈≈.#≈≈≈≈≈.. ..
.. .##≈≈ P≈8.≈P≈≈≈#≈≈##≈..


You could see a merfolk avatar and 3 drowned souls.

Vanquished Creatures
  Gastronok (D:12)
  Josephine (D:11)
  7 hydras
  Harold (Lair:1)
  Erica (D:9)
  A two-headed ogre (D:9)
  6 death yaks (Lair:6)
  Urug (Lair:5)
  Nergalle (D:12)
  An unseen horror (D:11)
  Pikel (D:6)
  A necromancer (IceCv)
  A harpy (Lair:6)
  A cyclops (D:11)
  A manticore (D:11)
  Joseph (D:9)
  7 elephants (Lair:6)
  A black mamba (Lair:1)
  Psyche (D:11)
  3 ice statues (IceCv)
  10 spiny frogs
  6 rime drakes
  10 komodo dragons
  8 ice devils (IceCv)
  3 trolls
  2 hornets (Lair:6)
  3 wind drakes (Lair:6)
  2 polar bears (Lair:6)
  6 slime creatures
  11 blink frogs (Lair:6)
  8 hippogriffs
  2 dream sheep (D:9)
  34 yaks
  5 wyverns
  5 wraiths
  3 basilisks
  4 vampire mosquitoes (D:12)
  2 steam dragons (D:6)
  2 hungry ghosts (D:11)
  Menkaure (D:5)
  Edmund (D:5)
  10 water moccasins
  5 porcupines
  11 orc warriors
  6 phantoms
  2 ice beasts
  4 sky beasts
  4 black bears
  6 ogres
  6 centaurs
  12 crocodiles
  13 big kobolds
  17 bullfrogs
  A water moccasin zombie (D:10)
  2 scorpions
  4 killer bees (D:12)
  16 wights
  2 electric eels (Lair:1)
  6 howler monkeys
  5 crimson imps
  A bullfrog zombie (D:5)
  8 jellies
  2 quasits
  4 centaur zombies
  15 orc priests
  2 draconian simulacra (IceCv)
  Crazy Yiuf (D:7)
  15 orc wizards
  3 bullfrog skeletons
  3 hounds
  3 iguanas
  A spriggan simulacrum (IceCv)
  17 worker ants
  3 troll simulacra (IceCv)
  2 centaur simulacra (IceCv)
  17 adders
  4 gnolls
  An ogre simulacrum (IceCv)
  A naga simulacrum (IceCv)
  4 river rats (Sewer)
  5 oozes
  An adder skeleton (D:6)
  A worm (D:3)
  6 dart slugs
  12 leopard geckos
  68 orcs
  9 giant cockroaches
  9 goblins
  7 hobgoblins
  A jackal (D:9)
  8 quokkas
  A ball python (D:1)
  12 bats
  14 frilled lizards
  2 jackal skeletons (D:6)
  14 kobolds
  A leopard gecko skeleton (D:6)
  A leopard gecko zombie (D:5)
  A quokka zombie (D:5)
  7 rats
  6 fungi
592 creatures vanquished.

Vanquished Creatures (others)
  A swamp drake (D:9)
  2 slaves (D:6)
  A wight (D:6)
  A shadow imp (D:6)
  2 jackals (D:9)
  12 fungi
  20 plants
39 creatures vanquished.

Grand Total: 631 creatures vanquished

Notes
Turn   | Place    | Note
-------+----------+-------------------------------------------
     0 | D:1      | AlphabetPasta the Demigod Hunter began the quest for the Orb.
     0 | D:1      | Reached XP level 1. HP: 17/17 MP: 3/3
   214 | D:1      | Reached XP level 2. HP: 22/24 MP: 4/4
   291 | D:1      | Reached skill level 1 in Armour
   844 | D:2      | Reached skill level 4 in Crossbows
   848 | D:2      | Reached XP level 3. HP: 28/29 MP: 5/5
  1384 | D:2      | Found a sparkling altar of Nemelex Xobeh.
  1444 | D:2      | Reached XP level 4. HP: 35/37 MP: 6/6
  2266 | D:3      | Found Zin's Purification Station.
  2269 | D:3      | Found a glowing silver altar of Zin.
  2450 | D:3      | Reached XP level 5. HP: 36/44 MP: 7/7
  2462 | D:3      | Reached skill level 1 in Axes
  2716 | D:3      | Found a radiant altar of Vehumet.
  2897 | D:4      | Found a hide-covered altar of Uskayaw.
  3012 | D:4      | Found Qiovvat's Gadget Shop.
  3040 | D:4      | Noticed an ogre
  3055 | D:4      | Killed an ogre
  3055 | D:4      | Reached skill level 5 in Crossbows
  3055 | D:4      | Reached XP level 6. HP: 41/51 MP: 8/8
  3161 | D:4      | Found a glowing drain.
  3195 | Sewer    | Entered a sewer
  3385 | Sewer    | Reached XP level 7. HP: 45/57 MP: 9/9
  3662 | Sewer    | Reached skill level 6 in Crossbows
  3895 | D:4      | Bought a wand of iceblast (8/15) for 168 gold pieces
  4019 | D:5      | Entered Level 5 of the Dungeon
  4054 | D:5      | Reached XP level 8. HP: 30/66 MP: 11/11
  4244 | D:5      | Found a shimmering altar of Xom.
  4444 | D:5      | Found a white marble altar of Elyvilon.
  4454 | D:5      | Found an iron altar of Okawaru.
  4455 | D:5      | Found a sacrificial altar of Ru.
  4457 | D:5      | Found a hazy altar of Hepliaklqana.
  4492 | D:5      | Noticed Edmund
  4544 | D:5      | Killed Edmund
  4654 | D:5      | Noticed Menkaure
  4660 | D:5      | Killed Menkaure
  4660 | D:5      | Reached skill level 1 in Evocations
  5193 | D:5      | Found a shadowy altar of Dithmenos.
  5405 | D:6      | Found a bloodstained altar of Trog.
  5710 | D:6      | Reached skill level 5 in Axes
  5724 | D:6      | Reached skill level 7 in Crossbows
  5999 | D:6      | Noticed Pikel
  6018 | D:6      | Killed Pikel
  6018 | D:6      | Reached XP level 9. HP: 68/72 MP: 13/13
  6633 | D:7      | Found a staircase to the Ecumenical Temple.
  6800 | D:7      | Reached skill level 5 in Fighting
  7260 | D:7      | Reached skill level 5 in Dodging
  7739 | D:7      | Found a runed door.
  7743 | D:7      | Noticed Crazy Yiuf
  7751 | D:7      | Killed Crazy Yiuf
  7831 | D:8      | Noticed tsouns's ghost (novice HaMo)
  7837 | D:8      | Reached skill level 8 in Crossbows
  8027 | D:8      | Found a staircase to the Lair.
  8827 | D:8      | Found a deep blue altar of Sif Muna.
  8861 | D:8      | Got a citrine-encrusted leather armour
  8909 | D:7      | Identified the cursed +0 leather armour of Duty {rElec rF+ Dex+4 Stlth+} (You found it on level 8 of the Dungeon)
  8984 | D:9      | Reached XP level 10. HP: 59/81 MP: 15/15
  9073 | D:9      | Reached skill level 5 in Armour
  9209 | D:9      | Noticed Erica
  9262 | D:9      | Killed Erica
  9273 | D:9      | Noticed Joseph
  9288 | D:9      | Killed Joseph
  9482 | D:9      | Noticed a two-headed hydra
  9499 | D:9      | Killed a two-headed hydra
  9520 | D:9      | Reached skill level 9 in Crossbows
  9775 | D:9      | Noticed a two-headed ogre
  9786 | D:9      | Killed a two-headed ogre
 10252 | D:9      | Found a staircase to the Orcish Mines.
 10333 | D:10     | Entered Level 10 of the Dungeon
 10371 | D:10     | Found a glowing silver altar of Zin.
 10468 | D:10     | Reached XP level 11. HP: 56/89 MP: 17/17
 10537 | D:10     | Identified a scroll of acquirement
 10768 | D:10     | Found a roughly hewn altar of Beogh.
 11106 | D:10     | Found Xiut Omi's Book Boutique.
 11653 | D:11     | Found a viscous altar of Jiyva.
 11728 | D:11     | Killed an unseen horror
 11893 | D:11     | Noticed a four-headed hydra
 11903 | D:11     | Killed a one-headed hydra
 11993 | D:11     | Reached skill level 5 in Evocations
 12522 | D:11     | Reached skill level 10 in Crossbows
 12602 | D:11     | Noticed Psyche
 13344 | D:11     | Killed Psyche
 13538 | D:12     | Noticed Josephine
 13540 | D:12     | Noticed Gastronok
 13555 | D:11     | Killed Josephine
 13730 | D:11     | Reached XP level 12. HP: 70/100 MP: 19/19
 13901 | D:12     | Killed Gastronok
 14130 | D:12     | Noticed Nergalle
 14158 | D:12     | Killed Nergalle
 14299 | D:12     | Noticed a four-headed hydra
 14317 | D:12     | Killed a one-headed hydra
 14360 | D:12     | Noticed an eight-headed hydra
 14376 | D:12     | Killed a one-headed hydra
 14376 | D:12     | Reached skill level 10 in Axes
 15089 | D:12     | Reached skill level 11 in Crossbows
 15417 | Lair:1   | Entered Level 1 of the Lair of Beasts
 15435 | Lair:1   | Found a frozen archway.
 15519 | IceCv    | Entered an ice cave
 17685 | Lair:1   | Noticed Harold
 17704 | Lair:1   | Killed Harold
 17704 | Lair:1   | Reached XP level 13. HP: 102/107 MP: 21/21
 18672 | Lair:2   | Found a hole to the Spider Nest.
 18780 | Lair:2   | Found a staircase to the Swamp.
 20940 | Lair:5   | Noticed Urug
 20949 | Lair:5   | Killed Urug
 21439 | Lair:6   | Entered Level 6 of the Lair of Beasts
 21693 | Lair:6   | Reached skill level 12 in Crossbows
 23495 | Lair:6   | Reached XP level 14. HP: 82/116 MP: 23/23
 24067 | Lair:6   | Found a viscous altar of Jiyva.
 24067 | Lair:6   | Found a staircase to the Slime Pits.
 24310 | Lair:6   | HP: 4/116 [drowned by a drowned soul[a merfolk avatar] (13)]
 24311 | Lair:6   | Drowned by a drowned soul

Vault maps used:
D:1:      dpeg_arrival_stonehenge_8_columns, moated_statue, st_stairs_6,
          kennysheep_small_spiral, nrook_uturn
D:2:      first_bread, nemelex_dance_club_becter
D:3:      nicolae_overflow_hidden_temple, zin_purify, minmay_lizard_king
D:4:      kennysheep_mini_moat, serial_shops, shop_statue, gup_sewer_entry_pipe
D:5:      overflow_temple_1_default, grunt_dithmenos_shadows,
          lemuel_doored_altar, grunt_temple_overflow_open, uniq_edmund,
          uniq_menkaure
D:6:      kennysheep_steamy, trog_ov_bears_minmay, uniq_pikel
D:7:      uniq_crazy_yiuf_cottage
D:8:      led_sif_pool, uniq_joseph
D:9:      erik_orc_1, hangedman_ranch, columned_hall_lemuel, uniq_erica
D:10:     basic_altar, serial_shops, nicolae_shop_behind_doors, special_room,
          roderic_batcave
D:11:     jiyva_altar_1, uniq_psyche
D:12:     uniq_josephine, uniq_gastronok, uniq_nergalle
Lair:1:   portal_ice_cave_rime, beast_lair_carwin_2, serial_bayou_shore_a,
          uniq_harold
Lair:2:   swamp_mist_pool, spider_nest_entry_web_field
Lair:5:   grunt_megastairs_1, minmay_lair_oklob_chamber, uniq_urug
Lair:6:   gammafunk_lair_ancient_temple, dpeg_slime_entry_enclosed_altar
Sewer:    sewer_co_tree
IceCv:    ice_cave_tombish

Skill      XL: |  1  2  3  4  5  6  7  8  9 10 11 12 13 |
---------------+----------------------------------------+-----
Fighting       | 2 3 4 5 6 7 8 |  8.8
Armour         | 1 2 3 4 5 7 8 |  8.9
Crossbows      | 4 5 6 7 8 9 10 11 12 | 12.5
Dodging        | 2 3 4 5 6 7 8 |  8.5
Axes           | 1 2 4 5 6 8 9 10 11 | 11.7
Evocations     | 2 3 4 5 6 7 |  7.7
Stealth        | |  0.8

Action                   |  1- 3 |  4- 6 |  7- 9 | 10-12 | 13-15 || total
-------------------------+-------+-------+-------+-------+-------++-------
Melee: Short sword       |   108 |   200 |   135 |       |       ||   443
       Hand axe          |       |       |   173 |   357 |     8 ||   538
       War axe           |       |       |   200 |   713 |   625 ||  1538
       Flail             |       |       |    17 |    52 |       ||    69
 Fire: Hand crossbow     |     6 |     5 |    58 |    16 |       ||    85
       Arbalest          |       |       |       |    49 |    75 ||   124
 Abil: Evoke Berserk Rag |       |       |     2 |       |       ||     2
Evoke: Wand              |       |       |       |     1 |       ||     1
  Use: Scroll            |     3 |     9 |    11 |    10 |     6 ||    39
       Potion            |       |       |     4 |     9 |     8 ||    21
 Stab: Distracted        |       |       |     1 |       |       ||     1
  Eat: Chunk             |     2 |     6 |    12 |    33 |    21 ||    74
       Bread ration      |       |       |     2 |       |       ||     2
       Pizza             |       |       |       |     7 |       ||     7
       Fruit             |       |       |       |     1 |       ||     1
Armor: Leather armour    |     2 |       |       |       |       ||     2
       Scale mail        |    29 |    76 |   151 |       |       ||   256
       Plate armour      |       |       |   109 |   712 |   388 ||  1209
Dodge: Dodged            |    47 |    82 |   319 |   554 |   330 ||  1332
